 Dungeon Crawl Stone Soup version 0.27.1-3-gb3d3a73c9e (webtiles) character file.

Game seed: 16073345902875546828

857 jareniypetyx the Quickloader (level 7, 32/67 HPs)
             Began as a Deep Dwarf Hunter on Oct 12, 2021.
             Was an Initiate of Ashenzari.
             Quit the game in the Ecumenical Temple.
             The game lasted 00:25:14 (3856 turns).

jareniypetyx the Quickloader (Deep Dwarf Hunter)    Turns: 3856, Time: 00:25:15

Health: 32/67      AC:  5    Str: 17    XL:     7   Next: 70%
Magic:  7/7        EV: 11    Int: 18    God:    Ashenzari [......]
Gold:   205        SH:  0    Dex: 13    Spells: 1/6 levels left

rFire    . . .     SeeInvis +   a - +1 hand crossbow (flame)
rCold    . . .     Faith    .   (no shield)
rNeg     . . .     Spirit   .   k - +0 ring mail
rPois    .         Reflect  .   (no helmet)
rElec    .         Harm     .   (no cloak)
rCorr    .         Rampage  .   (no gloves)
Will     +....                  (no boots)
Stlth    +.........             (no amulet)
HPRegen  0.00/turn              i - ring of see invisible
MPRegen  0.10/turn              v - +6 ring of intelligence

@: studying Crossbows
A: damage resistance, heal wounds, sense surroundings 1, no regeneration
a: Heal Wounds, Renounce Religion


You were in the Ecumenical Temple.
You worshipped Ashenzari.
Ashenzari was noncommittal.
You visited 2 branches of the dungeon, and saw 6 of its levels.
You also visited: Sewer.

You collected 205 gold pieces.

Inventory:

Hand Weapons
 a - a +1 hand crossbow of flaming (weapon)
 b - a +2 spear of venom
Missiles
 f - 43 bolts (quivered ammo)
 m - 26 poisoned darts
 x - a curare-tipped dart
Armour
 c - a +0 leather armour
 j - a +0 buckler
 k - a +0 ring mail (worn)
Jewellery
 e - a ring of ice
 i - a ring of see invisible (left hand)
 v - a +6 ring of intelligence (right hand)
Wands
 g - a wand of polymorph (11)
 o - a wand of acid (4)
Scrolls
 h - a scroll of enchant armour
 t - a scroll of teleportation
 y - a scroll of summoning
Potions
 d - 2 potions of might
 l - a potion of cancellation
 n - 5 potions of resistance
 p - 3 potions of attraction
 q - 2 potions of curing
 r - 2 potions of experience
 s - a potion of magic
 u - a potion of invisibility
 w - 3 potions of heal wounds
 z - 2 potions of mutation
 A - a potion of brilliance


   Skills:
 - Level 5.0 Fighting
 - Level 10.0 Crossbows
 + Level 3.1 Dodging
 - Level 1.2 Stealth


You had one spell level left.
You knew the following spells:

 Your Spells              Type           Power      Damage    Failure   Level
a - Passwall              Tmut/Erth      0%         N/A       52%         2
b - Swiftness             Air            0%         N/A       77%         3

Your spell library contained the following spells:

 Spells                   Type           Power      Damage    Failure   Level
 Slow                     Hex            0%         N/A       52%         2
 Confusing Touch          Hex            0%         N/A       77%         3
 Vampiric Draining        Necr           0%         2d6       77%         3
 Iskenderun's Battlesphe  Conj           0%         2d6       100%        5
 Invisibility             Hex            0%         N/A       100%        6
 Iron Shot                Conj/Erth      0%         9d1       100%        6
 Spellforged Servitor     Conj/Summ      0%         N/A       100%        7


Dungeon Overview and Level Annotations

Branches:
Dungeon (5/15)             Temple (1/1) D:5           Sewer (visited)

Altars:
Ashenzari
Cheibriados
Elyvilon
Fedhas
Gozag
Kikubaaqudgha
Makhleb
Okawaru
Sif Muna
Trog
Uskayaw
Vehumet
Wu Jian
Xom
Yredelemnul
Zin
The Shining One

Annotations:
D:3 3 runed translucent doors, IHuginn's ghost, amateur OpBr
D:5 Pikel


Innate Abilities, Weirdness & Mutations

You are resistant to damage.
You can heal yourself by infusing magical energy.
You passively map a small area around you.
You do not regenerate.


Message History

There is a radiant altar of Vehumet here.
Found a broken altar of Ashenzari.
Found a hide-covered altar of Uskayaw.
There is a shimmering blue altar of Sif Muna here.
Found a blossoming altar of Fedhas.
Found a glowing silver altar of Zin.
There is a glowing golden altar of the Shining One here.
Done exploring.
Done exploring.
Done exploring.
There is a staircase back to the Dungeon here.
There is a staircase back to the Dungeon here.
Press: ? - help, v - describe, . - travel A broken altar of Ashenzari.
Saving game... please wait.
Welcome back, jareniypetyx the Deep Dwarf Hunter.
Press ? for a list of commands and other information.
Saving game... please wait.
Welcome back, jareniypetyx the Deep Dwarf Hunter.
Press ? for a list of commands and other information.
Saving game... please wait.
Welcome back, jareniypetyx the Deep Dwarf Hunter.
Press ? for a list of commands and other information.
Press: ? - help, v - describe, . - travel A broken altar of Ashenzari.
There is a broken altar of Ashenzari here.
You kneel at the altar of Ashenzari.
Ashenzari welcomes you!
f - 3 potions of heal wounds;
w - 3 potions of heal wounds;
f - 2 cyan potions
f - 2 potions of might;
d - 2 potions of might;
f - 43 bolts (quivered ammo)
h - 2 potions of curing;
q - 2 potions of curing
h - a scroll labelled DOUMEI EHUKHEW;
h - a scroll of enchant armour
l - a potion of cancellation;
p - 3 potions of attraction
r - 2 potions of experience;
s - a potion of magic
u - a potion of invisibility;
y - a scroll of summoning
z - 2 potions of mutation;
A - a potion of brilliance Ashenzari warns you of distant threats and treasures.
Ashenzari reveals the structure of the dungeon to you.
Ashenzari shows you where magical portals lie.
Ashenzari prevents you from stumbling into unseen traps.
Ashenzari identifies your possessions.
There is a staircase back to the Dungeon here.
There is a staircase back to the Dungeon here.
Are you sure you want to abandon this character and quit the game? (Confirm with "yes".)

#§≈§.._.8...8._..§≈≈#
#§§......._.......≈≈#
##§.............._..≈##
##≈...................≈##
#≈.._..............._..≈#
##≈...................≈##
###8...............8###
##...................##
#≈.._......@......_..≈#
##...................##
###8...............8###
##≈...................≈##
#≈.._..............._..≈#
##≈...................≈##
##≈.._..............≈##
#≈≈......._.......≈≈#
#§≈≈.._.8...8._..≈≈≈#


There were no monsters in sight!

Vanquished Creatures
  Menkaure (D:5)
  An ogre (D:5)
  2 lemures (D:4)
  3 kobold brigands (Sewer)
  A scorpion (D:4)
  A bullfrog zombie (D:4)
  A quasit (D:3)
  A hound (D:4)
  A gnoll shaman (D:4)
  Jessica (D:2)
  4 adders
  6 gnolls
  4 river rats (Sewer)
  An adder zombie (D:4)
  2 dart slugs
  An orc (D:3)
  4 bats
  4 endoplasms
  5 giant cockroaches
  8 goblins
  A hobgoblin (D:1)
  4 jackals (D:1)
  7 quokkas
  12 ball pythons
  3 frilled lizards
  22 kobolds
  22 rats
123 creatures vanquished.

Vanquished Creatures (others)
  A fungus (D:1)
  2 plants (D:1)
3 creatures vanquished.

Grand Total: 126 creatures vanquished

Notes
Turn   | Place    | Note
-------+----------+-------------------------------------------
     0 | D:1      | jareniypetyx the Deep Dwarf Hunter began the quest for the
                  | Orb.
     0 | D:1      | Reached XP level 1. HP: 19/19 MP: 1/1
   140 | D:1      | Reached XP level 2. HP: 21/26 MP: 2/2
   349 | D:1      | Found a faded altar of an unknown god.
   594 | D:2      | Noticed Jessica
   600 | D:2      | Killed Jessica
   601 | D:2      | Reached skill level 5 in Crossbows
   601 | D:2      | Reached XP level 3. HP: 18/34 MP: 3/3
  1014 | D:3      | Found an iron altar of Okawaru.
  1153 | D:3      | Reached XP level 4. HP: 40/42 MP: 4/4
  1276 | D:3      | Found a runed translucent gate.
  1281 | D:3      | Noticed IHuginn's ghost (amateur OpBr)
  1282 | D:3      | Found a runed translucent gate.
  1282 | D:3      | Found a runed translucent gate.
  1282 | D:3      | Noticed a kobold brigand
  1353 | D:3      | Noticed Grinder
  1355 | D:3      | Noticed Grinder
  1355 | D:3      | Grinder changed into Grinder the quasit
  1361 | D:3      | Killed Grinder the quasit
  1442 | D:3      | Noticed Ijyb
  1444 | D:3      | Noticed Ijyb
  1444 | D:3      | Ijyb changed into Ijyb the frilled lizard
  1445 | D:3      | Killed Ijyb the frilled lizard
  1529 | D:3      | Reached XP level 5. HP: 39/50 MP: 5/5
  1639 | D:3      | Noticed Purgy
  1644 | D:3      | Noticed Purgy
  1644 | D:3      | Purgy changed into Purgy the orc
  1652 | D:3      | Killed Purgy the orc
  1796 | D:4      | Learned a level 2 spell: Passwall
  1824 | D:4      | Found a glowing drain.
  1855 | Sewer    | Entered a sewer
  1918 | Sewer    | Reached skill level 6 in Crossbows
  2081 | Sewer    | Reached XP level 6. HP: 26/58 MP: 6/6
  2176 | Sewer    | Reached skill level 5 in Fighting
  2276 | Sewer    | Reached skill level 7 in Crossbows
  2534 | D:4      | Identified a scroll of acquirement
  2534 | D:4      | Acquired a manual of Crossbows
  2660 | D:4      | Learned a level 3 spell: Swiftness
  2771 | D:4      | Reached skill level 8 in Crossbows
  2771 | D:4      | Reached XP level 7. HP: 26/67 MP: 7/7
  2945 | D:4      | Found a basalt altar of Yredelemnul.
  3214 | D:5      | Entered Level 5 of the Dungeon
  3236 | D:5      | Found an ornate altar of the Wu Jian Council.
  3335 | D:5      | Noticed Pikel
  3542 | D:5      | Reached skill level 9 in Crossbows
  3551 | D:5      | Noticed Menkaure
  3555 | D:5      | Killed Menkaure
  3556 | D:5      | Reached skill level 10 in Crossbows
  3760 | D:5      | Found a staircase to the Ecumenical Temple.
  3765 | Temple   | Entered the Ecumenical Temple
  3845 | Temple   | Became a worshipper of Ashenzari the Shackled
  3856 | Temple   | Quit the game

Illustrated notes

Levels and vault maps discovered:
D:1:      minmay_arrival_glassed_features, layout_loops_ring,
          shapermc_ecumenical_altar_mp_urbaneastern
D:2:      layout_rooms, uniq_jessica
D:3:      layout_rooms, mainiacjoe_overflow_24_doors,
          gammafunk_ghost_nasty_kobolds, uniq_ijyb, uniq_grinder, uniq_purgy
D:4:      layout_loops_ring, yredelemnul_altar_generic, gup_sewer_entry_pipe,
          minmay_ruptured
D:5:      layout_layer_cave, minitemple, mainiacjoe_overflow_paths,
          minmay_temple_entry_steel_oval, uniq_pikel, uniq_menkaure
Temple:   eino_temple_lava

Skill      XL: |  1  2  3  4  5  6  7 |
---------------+----------------------+-----
Fighting       | 2 3 4 5 |  5.0
Crossbows      | 5 6 8 10 | 10.0
Dodging        | 3 |  3.1
Stealth        | |  1.2

Action                   |  1- 3 |  4- 6 |  7- 9 || total
-------------------------+-------+-------+-------++-------
Melee: Short sword       |    98 |       |       ||    98
       Spear             |       |   100 |    12 ||   112
 Fire: Hand crossbow     |    29 |   100 |    24 ||   153
 Abil: Heal Wounds       |     1 |     2 |     1 ||     4
Evoke: Wand              |       |    11 |       ||    11
  Use: Scroll            |     1 |     4 |       ||     5
 Stab: Sleeping          |     2 |       |       ||     2
Armor: Leather armour    |    15 |       |       ||    15
       Ring mail         |       |    56 |     3 ||    59
Dodge: Dodged            |    75 |   101 |    14 ||   190
